 Dungeon Sprint DCSS version 0.27.1-33-g824d729ab1 (webtiles) character file.

Game seed: 2249665273816733319

440 Adenis the Chopper (level 6, -6/102 HPs)
             Began as a Troll Berserker on Dec 4, 2021.
             Was a Believer of Trog.
             Shot with an arrow by a centaur warrior (19 damage)
             ... in the Dungeon (Sprint I: "Red Sonja").
             The game lasted 00:02:01 (297 turns).

Adenis the Chopper (Troll Berserker)                 Turns: 297, Time: 00:02:03

Health: -6/102     AC:  4    Str: 28    XL:     6   Next: 70%
Magic:  5/5        EV: 11    Int:  3    God:    Trog [**....]
Gold:   242        SH:  0    Dex:  9    Spells: 5/5 levels left

rFire    . . .     SeeInvis .   j - +6 scythe (vorpal)
rCold    . . .     Faith    .   (shield currently unavailable)
rNeg     . . .     Spirit   .   a - +0 robe
rPois    .         Reflect  .   (helmet restricted)
rElec    .         Harm     .   (no cloak)
rCorr    .         Rampage  .   (gloves unavailable)
Will     .....     NoTele   +   (boots unavailable)
Stlth    ..........             (no amulet)
HPRegen  1.27/turn              (no ring)
MPRegen  0.09/turn              (no ring)

@: berserking, quick
A: large, unfitting armour, claws 3, regeneration 1, shaggy fur 1, tough skin 1
a: Renounce Religion, Berserk, Trog's Hand


You were in the Dungeon.
You worshipped Trog.
Trog was pleased with you.
You visited 1 branch You collected 297 gold pieces.
You spent 55 gold pieces at shops.

Inventory:

Hand Weapons
 j - a +6 vorpal scythe (weapon)
Armour
 a - a +0 robe (worn)
Wands
 b - a wand of iceblast (12)
 i - a wand of flame (20)
Scrolls
 h - a scroll of blinking
Potions
 c - a potion of curing
 d - 2 potions of heal wounds
 e - a potion of haste
 f - 2 potions of magic
 g - a potion of berserk rage


   Skills:
 + Level 6.6 Fighting
 + Level 7.0(7.1) Axes
 + Level 0.8(4.4) Polearms
 + Level 6.4 Dodging
 * Level 3.8 Stealth


You had 5 spell levels left.
You didn't know any spells.
Your spell library was empty.

Dungeon Overview and Level Annotations

Branches:
Dungeon (1/1)

Altars:
Cheibriados
Dithmenos
Elyvilon
Fedhas
Gozag
Hepliaklqana
Kikubaaqudgha
Nemelex Xobeh
Okawaru
Qazlal
Ru
Sif Muna
Trog
Uskayaw
Vehumet
Wu Jian
Yredelemnul
Zin
The Shining One

Shops:
D !


Innate Abilities, Weirdness & Mutations

You are too large for most types of armour.
You have claws for hands.
Your natural rate of healing is unusually fast.
You are covered in fur. (AC +1)
You have tough skin. (AC +1)


Message History

Found 135 gold pieces.
There is an open door here.
You now have 134 gold pieces (gained 27).
You now have 161 gold pieces (gained 27).
You now have 188 gold pieces (gained 27).
You recover from your berserk rage.
You now have 215 gold pieces (gained 27).
You now have 242 gold pieces (gained 27).
There is an open door here.
There is a shimmering blue altar of Sif Muna here.
You see here a +0 leather armour.
There is a shimmering blue altar of Sif Muna here.
You open the door.
Found a shiny glass wand.
There is an open door here.
b - a wand of iceblast (12)
There is an open door here.
There is a shimmering blue altar of Sif Muna here.
You open the door.
A centaur warrior comes into view.
The centaur warrior moves out of view.
There is an open door here.
You enter the shallow water.
Moving in this stuff is going to be slow.
Found 18 arrows and a scroll labelled CIYROA BESAAKH.
A centaur warrior comes into view.
The centaur warrior shouts!
The centaur warrior wields a +0 shortbow.
The centaur warrior shoots an arrow.
The arrow hits you!!
The centaur warrior shoots an arrow.
The arrow hits you!!
The centaur warrior shoots an arrow.
The arrow hits you!
* * * LOW HITPOINT WARNING * * *
A red film seems to cover your vision as you go berserk!
You feel yourself moving faster!
You feel mighty!
The centaur warrior shouts!
The centaur warrior hits you!
* * * LOW HITPOINT WARNING * * *
The centaur warrior barely misses you.
The centaur warrior shoots an arrow.
The arrow hits you!!
You die...

##############
.#..)..#.†'..#
.').#..'[.#..+
.#####'#####'# ###
.####..#...#[####§§#
.#__####..##[#§§§§§#
.#_____##'#§§§§§@§§+
⌠#_.∩...'..§_#≈§§cc#
##_..__##_.#'##+####
#_____###+#.#
####### ###


You could see 2 centaur warriors.

Vanquished Creatures
  A yak (D)
  Sigmund (D)
  An ogre (D)
  A jelly (D)
  Ijyb (D)
5 creatures vanquished.

Notes
Turn   | Place    | Note
-------+----------+-------------------------------------------
     0 | D        | Adenis the Troll Berserker began the quest for the Orb.
     0 | D        | Reached XP level 1. HP: 22/22 MP: 0/0
     2 | D        | Noticed Ijyb
     9 | D        | Killed Ijyb
    10 | D        | Reached skill level 3 in Axes
    10 | D        | Reached skill level 1 in Stealth
    10 | D        | Reached XP level 2. HP: 31/31 MP: 1/1
    47 | D        | Noticed an ogre
    53 | D        | Killed an ogre
    54 | D        | Reached skill level 4 in Axes
    54 | D        | Reached XP level 3. HP: 40/40 MP: 2/2
    54 | D        | Reached XP level 4. HP: 49/49 MP: 3/3
    96 | D        | Noticed Sigmund
   108 | D        | Killed Sigmund
   108 | D        | Reached ** piety under Trog
   109 | D        | Reached skill level 5 in Fighting
   109 | D        | Reached skill level 6 in Axes
   109 | D        | Reached skill level 5 in Dodging
   109 | D        | Reached XP level 5. HP: 46/59 MP: 4/4
   170 | D        | Found an ornate altar of the Wu Jian Council.
   170 | D        | Found a shimmering blue altar of Sif Muna.
   172 | D        | Found a radiant altar of Vehumet.
   179 | D        | Reached XP level 6. HP: 67/67 MP: 5/5
   213 | D        | Found Giylol's Distillery.
   213 | D        | Found an ancient bone altar of Kikubaaqudgha.
   213 | D        | Found a hazy altar of Hepliaklqana.
   213 | D        | Found a stormy altar of Qazlal.
   213 | D        | Found a hide-covered altar of Uskayaw.
   213 | D        | Found a blossoming altar of Fedhas.
   213 | D        | Found a bloodstained altar of Trog.
   213 | D        | Found an iron altar of Okawaru.
   213 | D        | Found a basalt altar of Yredelemnul.
   213 | D        | Found a glowing golden altar of the Shining One.
   213 | D        | Found a snail-covered altar of Cheibriados.
   213 | D        | Found a sacrificial altar of Ru.
   213 | D        | Found a glowing silver altar of Zin.
   213 | D        | Found a shadowy altar of Dithmenos.
   213 | D        | Found a white marble altar of Elyvilon.
   213 | D        | Noticed a yak
   216 | D        | Killed a yak
   217 | D        | Reached skill level 7 in Axes
   217 | D        | Found an opulent altar of Gozag.
   218 | D        | Found a sparkling altar of Nemelex Xobeh.
   257 | D        | Bought a potion of heal wounds for 55 gold pieces
   292 | D        | Noticed a centaur warrior
   296 | D        | Noticed a centaur warrior
   297 | D        | Shot with an arrow by a centaur warrior

Illustrated notes

Levels and vault maps discovered:
D:        dungeon_sprint_1 [red_sonja_temple_1, red_sonja_temple_small_1]

Skill      XL: |  1  2  3  4  5  6 |
---------------+-------------------+-----
Fighting       | 3 4 5 6 |  6.6
Axes           | 3 4 6 7 |  7.0
Dodging        | 3 4 5 6 |  6.4
Stealth        | 1 2 3 |  3.8
Polearms       | |  0.8

Action                   |  1- 3 |  4- 6 || total
-------------------------+-------+-------++-------
Melee: Hand axe          |    10 |     9 ||    19
       Scythe            |       |     5 ||     5
Invok: Berserk           |     2 |     4 ||     6
 Stab: Sleeping          |       |     1 ||     1
Armor: Robe              |       |     1 ||     1
Dodge: Dodged            |     4 |     3 ||     7
